 Dungeon Crawl Stone Soup version 0.20.0-10-g0535bb4 (console) character file.

216 removed the Chiller (level 5, -2/28 HPs)
             Began as a Tengu Ice Elementalist on June 7, 2017.
             Killed from afar by an orc wizard (11 damage)
             ... with a magic dart
             ... on level 3 of the Dungeon.
             The game lasted 00:05:11 (3396 turns).

removed the Chiller (Tengu Ice Elementalist)        Turns: 3396, Time: 00:05:11

Health: -2/28      AC:  3    Str:  8    XL:     5   Next: 93%
Magic:  0/9        EV: 12    Int: 22    God:
Gold:   77         SH:  0    Dex: 14    Spells: 1/8 levels left

rFire    . . .     SeeInvis .   a - +0 quarterstaff
rCold    . . .     Gourm    .   (shield currently unavailable)
rNeg     . . .     Faith    .   z - +0 robe
rPois    .         Spirit   .   (helmet restricted)
rElec    .         Reflect  .   (no cloak)
rCorr    .         Harm     .   d - +0 pair of gloves
MR       .....                  (boots unavailable)
Stlth    ++........             (no amulet)
Regen    0.1/turn               x - +5 ring of intelligence (curse)
MPRegen  0.2/turn               j - ring of wizardry

@: no status effects
A: beak, talons 3, able to fly 1
a: Fly


You were on level 3 of the Dungeon.
You were not hungry.

You visited 1 branch of the dungeon, and saw 3 of its levels.

You collected 77 gold pieces.

Inventory:

Hand Weapons
 a - a +0 quarterstaff (weapon)
Missiles
 o - 3 javelins (quivered)
Armour
 d - a +0 pair of gloves (worn)
 z - a +0 robe (worn)
Jewellery
 f - a +2 ring of dexterity
 j - a ring of wizardry (right hand)
 u - an uncursed ring of poison resistance
 x - a cursed +5 ring of intelligence (left hand)
Scrolls
 e - 5 scrolls of remove curse {unknown}
 h - a scroll of fear {unknown}
 n - 2 scrolls of identify {unknown}
 y - a scroll of amnesia {unknown}
Potions
 l - a potion of berserk rage {unknown}
 p - 2 potions of ambrosia {unknown}
 q - 2 potions of heal wounds {unknown}
 r - 2 potions of mutation {unknown}
 t - a potion of resistance {unknown}
 w - a potion of flight {unknown}
Books
 b - a book of Frost

   Spells                             Type                      Level
   a - Freeze                         Ice                          1
   b - Throw Frost                    Conjuration/Ice              2
   c - Ozocubu's Armour               Charms/Ice                   3
   d - Throw Icicle                   Conjuration/Ice              4
   e - Summon Ice Beast               Ice/Summoning                4
Comestibles
 c - 5 bread rations
 k - 4 fruits
 m - a chunk of flesh
 s - a meat ration
 v - a royal jelly


   Skills:
 - Level 2.1 Dodging
 - Level 2.0 Stealth
 - Level 2.0 Spellcasting
 - Level 1.3 Conjurations
 + Level 5.8 Ice Magic


You had one spell level left.
You knew the following spells:

 Your Spells              Type           Power        Failure   Level  Hunger
a - Freeze                Ice            ####         1%          1    #......
b - Throw Frost           Conj/Ice       ###...       1%          2    ##.....
c - Throw Icicle          Conj/Ice       ###.....     12%         4    #####..


Dungeon Overview and Level Annotations

Branches:
Dungeon (3/15)

Altars:


Innate Abilities, Weirdness & Mutations

You have a beak for a mouth.
You have claws for feet.
You can fly.


Message History

You freeze the orc wizard.
The orc wizard is heavily wounded.
The orc wizard barely misses you.
Casting: Freeze
Confirm with . or Enter, or press ? or * to list all spells.
Aiming: Freeze
Press: ? - help, Shift-Dir - straight line, f/p - orc wizard
Aim: an orc wizard, wielding a dagger of freezing and wearing a robe (heavily wounded)
You freeze the orc wizard.
The orc wizard is almost dead.
The orc wizard gestures at you while chanting.
The magic dart hits you!
Throwing (i - inventory):
o - 4 javelins (quivered)
Press: ? - help, Shift-Dir - straight line, f/p - orc wizard
Aim: an orc wizard, wielding a dagger of freezing and wearing a robe (almost dead)
You throw a javelin.
The javelin barely misses the orc wizard.
The orc wizard gestures at you while chanting.
The magic dart hits you!
You die...

#...).....<..
#.
#.###.######.
#. #.# #.# ##
#.# #.# #.#
#.# #.# #.#
#.# #..
#.##########.#
#(.....o@[(.(#
##############


You could see an orc wizard.

Vanquished Creatures
  An orc wizard (D:3)
  Natasha (thrice) (D:2)
  3 adders (D:2)
  2 worms
  4 dart slugs
  A leopard gecko (D:1)
  6 orcs (D:3)
  8 bats
  4 giant cockroaches
  4 goblins
  9 hobgoblins
  3 jackals (D:3)
  A quokka (D:2)
  A ball python (D:2)
  4 frilled lizards (D:1)
  7 kobolds
  8 rats
69 creatures vanquished.

Notes
Turn   | Place    | Note
-------+----------+-------------------------------------------
     0 | D:1      | removed the Tengu Ice Elementalist began the quest for the Orb.
     0 | D:1      | Reached XP level 1. HP: 10/10 MP: 4/4
    80 | D:1      | Reached skill level 3 in Ice Magic
   280 | D:1      | Reached XP level 2. HP: 8/15 MP: 1/6
   821 | D:1      | Reached XP level 3. HP: 17/19 MP: 2/7
  1466 | D:2      | Reached skill level 4 in Ice Magic
  1634 | D:2      | Reached XP level 4. HP: 18/24 MP: 3/8
  2086 | D:2      | Noticed Natasha
  2091 | D:2      | Killed Natasha
  2265 | D:2      | Reached skill level 5 in Ice Magic
  2641 | D:2      | Noticed Natasha
  2662 | D:2      | Killed Natasha
  2662 | D:2      | Gained mutation: You can fly. [Tengu growth]
  2662 | D:2      | Reached XP level 5. HP: 12/28 MP: 2/9
  2910 | D:2      | Noticed Natasha
  2915 | D:2      | Killed Natasha
  2993 | D:3      | Learned a level 2 spell: Throw Frost
  2998 | D:3      | Learned a level 4 spell: Throw Icicle
  3396 | D:3      | Killed from afar by an orc wizard

Skill      XL: |  1  2  3  4 |
---------------+-------------+-----
Ice Magic      | 3 4 5 |  5.8
Dodging        | |  2.1
Stealth        | |  2.0
Spellcasting   | |  2.0
Conjurations   | |  1.3

Action                   |  1- 3 |  4- 6 || total
-------------------------+-------+-------++-------
Melee: Unarmed           |    10 |     3 ||    13
       Kick              |     3 |     1 ||     4
       Peck              |     2 |       ||     2
Throw: Javelin           |     4 |    14 ||    18
 Cast: Freeze            |    56 |    61 ||   117
  Eat: Chunk             |     3 |     6 ||     9
Armor: Robe              |    10 |     6 ||    16
Dodge: Dodged            |    39 |    34 ||    73
